 Dungeon Crawl Stone Soup version 0.30-a0-170-g85af917532 (webtiles) character file.

Game seed: 17857933699755640251

145481 qw the Severer (level 17, -20/113 HPs)
             Began as a Gargoyle Fighter on Sept 30, 2022.
             Was a High Priest of Okawaru.
             Killed from afar by a thorn hunter (22 damage)
             ... with a volley of thorns
             ... on level 2 of the Swamp.
             The game lasted 00:12:12 (31271 turns).

qw the Severer (Gargoyle Fighter)                  Turns: 31271, Time: 00:12:12

Health: -20/113    AC: 49    Str: 31    XL:     17   Next: 42%
Magic:  20/24      EV: 13    Int: 10    God:    Okawaru [*****.]
Gold:   893        SH: 14    Dex: 13    Spells: 16/16 levels left

rFire   . . .      SeeInvis +    Y - +9 broad axe (flame)
rCold   . . .      Faith    .    u - +0 kite shield
rNeg    + . .      Spirit   .    l - +4 chain mail "Xenozed" {Rampage Str+4 Dex+4}
rPois   inf        Reflect  .    z - +2 helmet
rElec   +          Harm     .    i - +1 cloak
rCorr   .          Rampage  +    p - +2 pair of gloves
Will    +....                    n - +2 pair of boots
Stlth   ..........               (no amulet)
HPRegen 0.28/turn                k - +4 ring of protection
MPRegen 0.19/turn                b - ring of see invisible

@: heroic, finesse-ful, flying
A: sickness immunity, AC +12, big wings, negative energy resistance 1,
electricity resistance, torment resistance 1, petrification resistance
a: Renounce Religion, Heroism, Finesse, Duel


You were on level 2 of the Swamp.
You worshipped Okawaru.
Okawaru was extremely pleased with you.
You visited 6 branches of the dungeon, and saw 28 of its levels.
You also visited: Ossuary.

You collected 2916 gold pieces.
You spent 2023 gold pieces at shops.


Innate Abilities, Weirdness & Mutations

You are immune to sickness and miasma.
Your stone body is resilient. (AC +12)
You are immune to poison.
Your large and strong wings let you fly.
You resist negative energy. (rN+)
You are resistant to electric shocks. (rElec)
You are resistant to unholy torment.
You are immune to petrification.


   Skills:
 - Level 15.0(20.0) Fighting
 - Level 18.0(23.0) Axes
 - Level 6.0(11.0) Throwing
 - Level 12.0(17.0) Armour
 - Level 5.0(10.0) Dodging
 + Level 14.0(19.0) Shields
 - Level 10.0 Invocations


You had 16 spell levels left.
You didn't know any spells.
Your spell library was empty.

Inventory:

Hand Weapons
 Y - a +9 broad axe of flaming (weapon)
Armour
 f - +0 acid dragon scales
 i - a +1 cloak (worn)
 l - the +4 chain mail "Xenozed" (worn) {Rampage Str+4 Dex+4}
   (You found it on level 5 of the Dungeon)

   Str:       It affects your strength (+4).
   Dex:       It affects your dexterity (+4).
   Rampage:   It bestows one free step when moving towards enemies.
 n - a +2 pair of boots (worn)
 p - a +2 pair of gloves (worn)
 u - a +0 kite shield (worn)
 z - a +2 helmet (worn)
Jewellery
 b - a ring of see invisible (right hand)
 k - a +4 ring of protection (left hand)
 m - the ring of Xom's Entertainment {rElec rCorr Str+3}
   (You found it on level 2 of the Lair of Beasts)

   [ring of resist corrosion]

   Str:       It affects your strength (+3).
   rElec:     It insulates you from electricity.
   rCorr:     It protects you from acid and corrosion.
 x - a ring of ice
 A - a ring of protection from fire
 E - a +4 ring of protection
 F - a ring of protection from fire
Scrolls
 g - 10 scrolls of identify
 q - 2 scrolls of enchant weapon
Potions
 a - 5 potions of curing
 c - 7 potions of mutation
 d - 6 potions of might
 h - 2 potions of lignification
 j - 5 potions of cancellation
 o - 8 potions of attraction
 r - 2 potions of magic
 s - 4 potions of haste

Dungeon Overview and Level Annotations

Branches:
Dungeon (15/15)            Temple (1/1) D:4            Lair (5/5) D:8
  Swamp (1/4) Lair:2       Spider (3/4) Lair:3        Slime (0/5) Lair:5
    Orc (2/2) D:9             Elf (0/3) Orc:2        Vaults (0/5) D:14
 Depths (0/4) D:15        Ossuary (visited)

Altars:
Ashenzari
Cheibriados
Dithmenos
Elyvilon
Fedhas
Gozag
Hepliaklqana
Kikubaaqudgha
Makhleb
Nemelex Xobeh
Okawaru
Qazlal
Ru
Sif Muna
Trog
Uskayaw
Vehumet
Wu Jian
Xom
Yredelemnul
Zin
The Shining One
Lugonu

Shops:
D:3 [   D:7 !   Orc:2 *=**

Portals:
Abyss: Lair:5

Annotations:
D:12 1 runed translucent door, MackTheFife's ghost, journeyman OgFi
Spider:1 3 runed translucent doors, qw's ghost, adept GrFi
Spider:2 3 runed translucent doors, qw's ghost, adept GrFi


Message History

A thorn hunter comes into view.
31252 ||| INVOKING Heroism.
You gain the combat prowess of a mighty hero.
31253 ||| INVOKING Finesse.
You can now deal lightning-fast blows.
The thorn hunter gestures.
Thorny briars emerge from the ground!
The thorn hunter gestures.
The thorn hunter fires a volley of thorns at you.
You block the volley of thorns.
The thorn hunter gestures.
The thorn hunter fires a volley of thorns at you.
The volley of thorns hits you!
The thorn hunter fires a volley of thorns at you.
You block the volley of thorns.
The thorn hunter hits something. x2
The thorn hunter fires a volley of thorns at you.
The volley of thorns misses you.
The thorn hunter fires a volley of thorns at you.
The volley of thorns hits you.
The thorn hunter hits something!!
The thorn hunter fires a volley of thorns at you.
You block the volley of thorns.
The thorn hunter gestures.
The thorn hunter fires a volley of thorns at you.
The volley of thorns hits you but does no damage.
The thorn hunter fires a volley of thorns at you.
The volley of thorns hits you but does no damage.
The briar patch crumbles away.
The thorn hunter fires a volley of thorns at you.
The volley of thorns hits you but does no damage.
The thorn hunter fires a volley of thorns at you.
The volley of thorns misses you.
The thorn hunter fires a volley of thorns at you.
The volley of thorns hits you!!
The thorn hunter fires a volley of thorns at you.
The volley of thorns hits you but does no damage.
The thorn hunter fires a volley of thorns at you.
The volley of thorns hits you!!
You die... 77 7. 7.7 .. 7f 77P7 7P.7 7@7 7.7 777

You could see a thorn hunter.

Vanquished Creatures
  A tentacled monstrosity (Swamp:1)
  Jorgrun (D:13)
  Gastronok (D:8)
  Donald (Swamp:2)
  An emperor scorpion (Spider:1)
  A ghost moth (Spider:1)
  A broodmother (Spider:2)
  Nessos (Orc:2)
  An eleionoma (Swamp:2)
  A spark wasp (Spider:2)
  4 bunyips
  Josephine (D:10)
  3 entropy weavers
  2 shambling mangroves (Swamp:1)
  5 hydras
  An ogre mage (D:14)
  A catoblepas (Lair:5)
  5 centaur warriors
  Erica (D:8)
  2 tengu warriors (D:14)
  6 boulder beetles
  10 two-headed ogres
  5 alligators
  An orc high priest (Orc:2)
  5 death yaks
  4 thrashing horrors (Lair:5)
  Sonja (Lair:1)
  Amaemon (D:8)
  13 skeletal warriors
  3 pharaoh ants (Spider:1)
  3 swamp dragons
  3 steelbarb worms
  6 orb spiders
  2 large abominations (Lair:5)
  A bog body (Swamp:1)
  10 wolf spiders
  8 orc knights
  A necromancer (D:15)
  12 orc sorcerers
  A deep elf zephyrmancer (D:15)
  3 manticores
  20 ugly things
  2 deep elf pyromancers
  A will-o-the-wisp (Swamp:1)
  2 cyclopes
  8 elephants
  2 moths of wrath
  A water nymph (shapeshifter) (Lair:5)
  6 black mambas
  Maurice (D:8)
  3 torpor snails
  Joseph (D:8)
  A naga mage (D:15)
  5 centaur skeletons
  An orange demon (D:8)
  6 cane toads
  2 gargoyles (D:12)
  2 smoke demons (Lair:5)
  An unseen horror (D:11)
  An unseen horror (shapeshifter) (Lair:5)
  Maggie (Lair:2)
  3 rime drakes
  6 kobold demonologists
  2 efreet
  An ancient zyme (Lair:5)
  6 demonic crawlers
  5 yaktaurs (D:14)
  2 tengu conjurers
  3 komodo dragons
  5 polar bears
  9 meliai
  2 hornets
  5 trolls
  3 tyrant leeches
  A harpy skeleton (D:15)
  25 blink frogs
  9 saltlings (Orc:2)
  8 tarantellas
  A centaur simulacrum (D:15)
  12 culicivoras
  15 jumping spiders
  2 vampires (D:12)
  4 wraiths
  A culicivora (shapeshifter) (D:14)
  A shadow (D:12)
  A water elemental (D:14)
  3 ynoxinuls (Lair:5)
  3 wyverns
  8 basilisks
  27 yaks
  4 steam dragons
  7 vampire mosquitoes
  43 redbacks
  2 wargs
  4 swamp worms
  13 water moccasins
  10 small abominations (Lair:5)
  2 sky beasts
  12 orc warriors
  An ice beast (D:7)
  A hornet zombie (D:15)
  21 wolves
  6 ogres
  11 centaurs
  4 kobold brigands
  A phantom (D:7)
  3 gnoll sergeants
  9 bullfrogs
  2 necrophages
  2 scorpions (D:5)
  10 wights
  9 killer bees
  6 electric eels
  3 howler monkeys
  3 hounds
  2 human zombies (Ossuary)
  2 jellies
  10 orc priests
  23 orc wizards
  A statue (D:14)
  5 mummies (Ossuary)
  9 gnolls
  5 adders
  A shadow imp (D:5)
  2 worms (D:2)
  4 dart slugs
  56 orcs
  5 bats
  11 endoplasms
  10 giant cockroaches
  10 goblins
  4 hobgoblins
  19 kobolds
  6 quokkas
  5 ball pythons
  A frilled lizard (D:1)
  2 gnoll zombies (Ossuary)
  A goblin zombie (Ossuary)
  3 orc zombies (Ossuary)
  9 rats
  A butterfly (Lair:2)
  A pillar of salt (Orc:2)
771 creatures vanquished.

Vanquished Creatures (others)
  A bloated husk (Swamp:1)
  A redback (Spider:1)
  A briar patch (Swamp:2)
  11 fungi
  2 pillars of salt (Orc:2)
  17 plants
33 creatures vanquished.

Grand Total: 804 creatures vanquished

Notes
Turn   | Place    | Note
-------+----------+-------------------------------------------
     0 | D:1      | qw the Gargoyle Fighter began the quest for the Orb.
     0 | D:1      | Reached XP level 1. HP: 14/14 MP: 1/1
     0 | D:1      | 0 ||| qw: Version: 0.2-a-12-gaebbb33
     0 | D:1      | 0 ||| qw: Game counter: 1516
     0 | D:1      | 0 ||| qw: Always use a shield: true
     0 | D:1      | 0 ||| qw: God list: Okawaru
     0 | D:1      | 0 ||| qw: Allow faded altars: false
     0 | D:1      | 0 ||| qw: Do Orc after D:15 true
     0 | D:1      | 0 ||| qw: Do second Lair branch before Depths: true
     0 | D:1      | 0 ||| qw: Lair rune preference: random
     0 | D:1      | 0 ||| qw: Plans: Normal, Zot:1-4, God:TSO, Crypt, Tomb,
                  | Pan, Slime:5, Hells, Abyss, Orb
     0 | D:1      | 0 ||| PLANNING D:1-11
    34 | D:1      | Reached skill level 2 in Axes
   143 | D:1      | Reached XP level 2. HP: 19/19 MP: 2/2
   234 | D:1      | 234 ||| Stepping ~*~*~tactically~*~*~ (stealth).
   249 | D:1      | 249 ||| Stepping ~*~*~tactically~*~*~ (stealth).
   272 | D:1      | 272 ||| Stepping ~*~*~tactically~*~*~ (stealth).
   344 | D:1      | Reached skill level 3 in Axes
   404 | D:1      | Reached XP level 3. HP: 23/23 MP: 3/3
   641 | D:1      | 641 ||| DROPPING +0 club.
   755 | D:1      | 755 ||| UPGRADING to +0 cloak.
   760 | D:1      | 760 ||| UPGRADING to +0 buckler of protection.
   788 | D:1      | 788 ||| UPGRADING to +0 buckler of protection.
   798 | D:1      | 798 ||| DROPPING +0 buckler.
   799 | D:1      | 799 ||| READING 2 scrolls labelled HESUIW JOOF.
   800 | D:1      | 800 ||| READING scroll labelled ZIG PAS BUE.
   801 | D:1      | 801 ||| READING scroll labelled CELUZE POHE.
   802 | D:1      | 802 ||| READING scroll labelled YTEAPA GEJOTU.
   806 | D:1      | 806 ||| READING scroll labelled FUKHEI WOMESIMP.
   807 | D:1      | 807 ||| READING 2 scrolls labelled KOINTAFUMI.
   808 | D:1      | 808 ||| DROPPING scroll of vulnerability.
   809 | D:1      | 809 ||| DROPPING scroll of immolation.
   840 | D:2      | 840 ||| STAIRDANCE
  1421 | D:2      | Reached XP level 4. HP: 28/28 MP: 4/4
  1482 | D:2      | 1482 ||| READING scroll labelled YWNEYSI HUENY.
  1483 | D:2      | 1483 ||| READING 2 scrolls labelled HISCHE CAAWKU.
  1484 | D:2      | 1484 ||| READING 2 scrolls labelled UMMOLO JURYV.
  1485 | D:2      | 1485 ||| DROPPING scroll of blinking.
  1512 | D:3      | 1512 ||| STAIRDANCE
  1567 | D:3      | Found Honutsof's Armour Shop.
  1570 | D:3      | 1570 ||| SHOPLISTING +0 plate armour (253 gold, have 71).
  1570 | D:3      | 1570 ||| SHOPLISTING +1 scale mail of cold resistance (176
                  | gold, have 71).
  1633 | D:3      | Found a snail-covered altar of Cheibriados.
  1767 | D:3      | Reached skill level 4 in Axes
  1859 | D:3      | Found a faded altar of an unknown god.
  1872 | D:3      | 1872 ||| Stepping ~*~*~tactically~*~*~ (stealth).
  1998 | D:3      | 1998 ||| Stepping ~*~*~tactically~*~*~ (stealth).
  1999 | D:3      | 1999 ||| Stepping ~*~*~tactically~*~*~ (stealth).
  2077 | D:3      | 2077 ||| DROPPING +0 whip.
  2274 | D:3      | 2274 ||| Stepping ~*~*~tactically~*~*~ (hiding).
  2423 | D:3      | 2423 ||| UPGRADING to +4 ring of protection.
  2424 | D:3      | 2424 ||| DROPPING ring of flight.
  2425 | D:3      | 2425 ||| READING scroll labelled EZUAGA QEKKELI.
  2426 | D:3      | 2426 ||| DRINKING 2 clear potions.
  2443 | D:4      | 2443 ||| PLANNING OSSUARY
  2444 | D:4      | 2444 ||| STAIRDANCE
  2449 | D:3      | Reached XP level 5. HP: 32/32 MP: 5/5
  2451 | D:4      | 2451 ||| STAIRDANCE
  2457 | D:3      | 2457 ||| UPGRADING to +0 chain mail.
  2467 | D:3      | 2467 ||| DROPPING +0 scale mail.
  2474 | D:4      | 2474 ||| Stepping ~*~*~tactically~*~*~ (stealth).
  2476 | D:4      | 2476 ||| Stepping ~*~*~tactically~*~*~ (stealth).
  2497 | D:4      | 2497 ||| Stepping ~*~*~tactically~*~*~ (stealth).
  2502 | D:4      | 2502 ||| Stepping ~*~*~tactically~*~*~ (stealth).
  2503 | D:4      | 2503 ||| Stepping ~*~*~tactically~*~*~ (stealth).
  2590 | D:4      | Found a sand-covered staircase.
  2591 | D:4      | 2591 ||| READING 2 scrolls of identify.
  2591 | D:4      | 2591 ||| IDENTIFYING viscous pink potion
  2592 | D:4      | 2592 ||| DROPPING potion of invisibility.
  2600 | Ossuary  | Entered an ossuary
  2623 | Ossuary  | Reached skill level 5 in Axes
  2838 | Ossuary  | Reached XP level 6. HP: 33/38 MP: 6/6
  3017 | Ossuary  | 3017 ||| READING scroll of enchant weapon.
  3017 | Ossuary  | 3017 ||| ENCHANTING +1 war axe.
  3059 | Ossuary  | 3059 ||| READING scroll labelled IGENAV YTURI.
  3060 | Ossuary  | 3060 ||| DRINKING 3 green potions.
  3161 | Ossuary  | 3161 ||| DRINKING 3 inky potions.
  3162 | Ossuary  | 3162 ||| DROPPING 2 potions of ambrosia.
  3163 | Ossuary  | 3163 ||| DROPPING potion of degeneration.
  3181 | D:4      | 3181 ||| PLANNING D:1-11
  3241 | D:4      | 3241 ||| Stepping ~*~*~tactically~*~*~ (stealth).
  3384 | D:4      | 3384 ||| Stepping ~*~*~tactically~*~*~ (stealth).
  3385 | D:4      | Found a staircase to the Ecumenical Temple.
  3386 | D:4      | 3386 ||| PLANNING TEMPLE
  3386 | D:4      | 3386 ||| DRINKING 2 fuming emerald potions.
  3399 | D:4      | 3399 ||| FLEEEEING.
  3400 | D:4      | 3400 ||| FLEEEEING.
  3401 | D:4      | 3401 ||| FLEEEEING.
  3402 | D:4      | 3402 ||| FLEEEEING.
  3403 | D:4      | 3403 ||| FLEEEEING.
  3404 | D:4      | 3404 ||| FLEEEEING.
  3405 | D:4      | 3405 ||| FLEEEEING.
  3406 | D:4      | 3406 ||| FLEEEEING.
  3407 | D:4      | 3407 ||| FLEEEEING.
  3408 | D:4      | 3408 ||| FLEEEEING.
  3409 | D:4      | 3409 ||| FLEEEEING.
  3410 | D:4      | 3410 ||| STAIRDANCE
  3414 | D:4      | 3414 ||| STAIRDANCE
  3418 | D:4      | 3418 ||| STAIRDANCE
  3423 | D:4      | 3423 ||| STAIRDANCE
  3427 | D:4      | 3427 ||| STAIRDANCE
  3429 | D:3      | 3429 ||| Stepping randomly (disturbance).
  3430 | D:3      | 3430 ||| Stepping randomly (disturbance).
  3432 | D:3      | Reached skill level 6 in Axes
  3442 | D:4      | 3442 ||| FLEEEEING.
  3443 | D:4      | 3443 ||| FLEEEEING.
  3444 | D:4      | 3444 ||| FLEEEEING.
  3449 | D:4      | 3449 ||| STAIRDANCE
  3453 | D:4      | 3453 ||| STAIRDANCE
  3459 | D:4      | 3459 ||| STAIRDANCE
  3466 | D:4      | 3466 ||| FLEEEEING.
  3469 | D:4      | 3469 ||| STAIRDANCE
  3474 | D:4      | 3474 ||| FLEEEEING.
  3475 | D:4      | 3475 ||| STAIRDANCE
  3480 | D:4      | 3480 ||| STAIRDANCE
  3489 | D:4      | 3489 ||| READING 4 scrolls of teleportation.
  3491 | D:4      | 3491 ||| FLEEEEING.
  3492 | D:4      | 3492 ||| FLEEEEING.
  3527 | D:4      | Found a radiant altar of Vehumet.
  3528 | D:4      | 3528 ||| UPGRADING to ring of see invisible.
  3536 | Temple   | Entered the Ecumenical Temple
  3719 | Temple   | 3719 ||| PLANNING OKAWARU WORSHIP
  3791 | Temple   | Became a worshipper of Warmaster Okawaru
  3792 | Temple   | 3792 ||| PLANNING D:1-11
  3865 | D:4      | You fall into a shaft and drop 1 floor!
  3865 | D:5      | Entered Level 5 of the Dungeon
  3904 | D:5      | Reached skill level 1 in Dodging
  4023 | D:4      | 4023 ||| READING scroll labelled EFIOWYO SEOTS.
  4095 | D:5      | Noticed a water moccasin
  4104 | D:5      | Killed a water moccasin
  4105 | D:5      | Reached XP level 7. HP: 31/43 MP: 7/7
  4110 | D:5      | Reached * piety under Okawaru
  4111 | D:5      | Reached skill level 7 in Axes
  4201 | D:5      | Identified the +4 chain mail "Xenozed" {Rampage Str+4
                  | Dex+4}
  4407 | D:5      | Reached skill level 1 in Invocations
  4498 | D:5      | 4498 ||| Stepping ~*~*~tactically~*~*~ (hiding).
  4744 | D:5      | 4744 ||| Stepping ~*~*~tactically~*~*~ (stealth).
  4756 | D:5      | 4756 ||| DROPPING +0 flail.
  4826 | D:5      | 4826 ||| UPGRADING to +4 chain mail "Xenozed" {Rampage
                  | Str+4 Dex+4}.
  4836 | D:5      | 4836 ||| DROPPING +0 chain mail.
  4837 | D:5      | 4837 ||| UPGRADING to +1 pair of gloves.
  4872 | D:6      | 4872 ||| STAIRDANCE
  4882 | D:6      | 4882 ||| STAIRDANCE
  4884 | D:5      | 4884 ||| INVOKING Heroism.
  4887 | D:5      | Reached XP level 8. HP: 45/48 MP: 6/9
  4891 | D:5      | Reached skill level 3 in Invocations
  4924 | D:5      | 4924 ||| DROPPING +2 flail of draining.
  4931 | D:6      | 4931 ||| STAIRDANCE
  4968 | D:6      | 4968 ||| Stepping ~*~*~tactically~*~*~ (hiding).
  4969 | D:6      | 4969 ||| INVOKING Heroism.
  5020 | D:6      | 5020 ||| Stepping ~*~*~tactically~*~*~ (stealth).
  5030 | D:6      | 5030 ||| Stepping ~*~*~tactically~*~*~ (stealth).
  5032 | D:6      | 5032 ||| Stepping ~*~*~tactically~*~*~ (stealth).
  5034 | D:6      | 5034 ||| Stepping ~*~*~tactically~*~*~ (stealth).
  5037 | D:6      | 5037 ||| INVOKING Heroism.
  5087 | D:6      | Reached ** piety under Okawaru
  5119 | D:6      | 5119 ||| Stepping ~*~*~tactically~*~*~ (stealth).
  5122 | D:6      | Reached skill level 8 in Axes
  5191 | D:6      | 5191 ||| INVOKING Heroism.
  5258 | D:6      | 5258 ||| INVOKING Heroism.
  5264 | D:6      | Reached skill level 6 in Fighting
  5301 | D:6      | Found a glowing golden altar of the Shining One.
  5455 | D:6      | 5455 ||| DROPPING amulet of magic regeneration.
  5456 | D:6      | 5456 ||| DRINKING 2 black potions.
  5538 | D:7      | Reached XP level 9. HP: 48/55 MP: 12/12
  5538 | D:7      | 5538 ||| FLEEEEING.
  5539 | D:7      | 5539 ||| FLEEEEING.
  5540 | D:7      | 5540 ||| FLEEEEING.
  5541 | D:7      | 5541 ||| FLEEEEING.
  5542 | D:7      | 5542 ||| FLEEEEING.
  5543 | D:7      | 5543 ||| FLEEEEING.
  5545 | D:7      | 5545 ||| FLEEEEING.
  5546 | D:7      | 5546 ||| FLEEEEING.
  5578 | D:7      | 5578 ||| Stepping ~*~*~tactically~*~*~ (hiding).
  5690 | D:7      | Found Siylyfoc's Distillery.
  5698 | D:7      | 5698 ||| BUYING potion of cancellation (96 gold).
  5698 | D:7      | Bought a potion of cancellation for 96 gold pieces
  5698 | D:7      | 5698 ||| BUYING potion of haste (120 gold).
  5698 | D:7      | Bought a potion of haste for 120 gold pieces
  5698 | D:7      | 5698 ||| SHOPLISTING potion of heal wounds (60 gold, have
                  | 13).
  5698 | D:7      | 5698 ||| SHOPLISTING potion of might (48 gold, have 13).
  5698 | D:7      | 5698 ||| Stepping ~*~*~tactically~*~*~ (stealth).
  5699 | D:7      | 5699 ||| Stepping ~*~*~tactically~*~*~ (stealth).
  5775 | D:7      | 5775 ||| INVOKING Heroism.
  5778 | D:7      | 5778 ||| Stepping ~*~*~tactically~*~*~ (hiding).
  5784 | D:7      | Reached skill level 9 in Axes
  5789 | D:7      | 5789 ||| DRINKING 2 potions of curing.
  5789 | D:7      | 5789 ||| (to cure confusion)
  5834 | D:7      | Reached *** piety under Okawaru
  6277 | D:7      | 6277 ||| INVOKING Heroism.
  6312 | D:7      | 6312 ||| INVOKING Heroism.
  6549 | D:7      | 6549 ||| INVOKING Heroism.
  6657 | D:7      | Noticed a two-headed ogre
  6658 | D:7      | 6658 ||| Stepping ~*~*~tactically~*~*~ (stealth).
  6660 | D:7      | 6660 ||| INVOKING Heroism.
  6665 | D:7      | Killed a two-headed ogre
  6665 | D:7      | Reached **** piety under Okawaru
  6674 | D:7      | Reached XP level 10. HP: 63/63 MP: 11/13
  6894 | D:7      | 6894 ||| READING scroll labelled JACACV TEHU.
  6895 | D:7      | 6895 ||| DRINKING 2 bubbling black potions.
  6951 | D:8      | 6951 ||| STAIRDANCE
  6981 | D:8      | 6981 ||| STAIRDANCE
  7075 | D:8      | Noticed Erica
  7076 | D:8      | 7076 ||| INVOKING Heroism.
  7085 | D:8      | Killed Erica
  7209 | D:8      | 7209 ||| Stepping ~*~*~tactically~*~*~ (stealth).
  7213 | D:8      | 7213 ||| Stepping ~*~*~tactically~*~*~ (stealth).
  7215 | D:8      | Noticed Joseph
  7217 | D:8      | 7217 ||| INVOKING Heroism.
  7217 | D:8      | Noticed Gastronok
  7222 | D:8      | Killed Joseph
  7224 | D:8      | HP: 1/63 [Gastronok (20)]
  7225 | D:8      | 7225 ||| READING 6 scrolls of teleportation.
  7547 | D:8      | Identified the +0 chain mail of Untold Secrets {Will+ MP-9
                  | Int+4 Dex+3}
  7561 | D:8      | Reached skill level 6 in Invocations
  7581 | D:8      | 7581 ||| INVOKING Heroism.
  7584 | D:8      | Reached ***** piety under Okawaru
  7585 | D:8      | Reached skill level 1 in Throwing
  7608 | D:8      | Noticed Maurice
  7608 | D:8      | Noticed a two-headed ogre
  7609 | D:8      | 7609 ||| Stepping ~*~*~tactically~*~*~ (hiding).
  7610 | D:8      | 7610 ||| Stepping ~*~*~tactically~*~*~ (stealth).
  7614 | D:8      | 7614 ||| INVOKING Heroism.
  7621 | D:8      | Killed a two-headed ogre
  7622 | D:8      | Reached skill level 10 in Axes
  7632 | D:8      | Paralysed by Maurice for 3 turns
  7641 | D:8      | Noticed Amaemon
  7642 | D:8      | 7642 ||| INVOKING Heroism.
  7642 | D:8      | Paralysed by Maurice for 5 turns
  7644 | D:8      | Noticed an orange demon
  7648 | D:8      | Killed Maurice
  7649 | D:8      | Identified the +0 chain mail of Ilaiwuel {Fly rElec Slay-5}
                  | (Okawaru gifted it to you on level 8 of the Dungeon)
  7649 | D:8      | Received a gift from Okawaru
  7662 | D:8      | Killed Amaemon
  7663 | D:8      | Reached XP level 11. HP: 21/68 MP: 15/17
  7665 | D:8      | HP: 12/68 [steam dragon] (7)]
  7666 | D:8      | 7666 ||| READING 5 scrolls of teleportation.
  7668 | D:8      | 7668 ||| INVOKING Heroism.
  7670 | D:8      | HP: 5/68 [something (4)]
  7670 | D:8      | Found a shimmering altar of Xom.
  7671 | D:8      | 7671 ||| READING 4 scrolls of teleportation.
  7673 | D:8      | 7673 ||| Stepping ~*~*~tactically~*~*~ (water).
  7675 | D:8      | HP: 2/68 [gnoll sergeant/+0 spear (1)]
  8030 | D:8      | 8030 ||| INVOKING Heroism.
  8040 | D:8      | Killed Gastronok
  8147 | D:8      | Found a staircase to the Lair.
  8224 | D:8      | 8224 ||| Stepping ~*~*~tactically~*~*~ (stealth).
  8226 | D:8      | 8226 ||| Stepping ~*~*~tactically~*~*~ (hiding).
  8359 | D:8      | 8359 ||| INVOKING Heroism.
  8367 | D:8      | Reached skill level 9 in Invocations
  8388 | D:8      | Found an opulent altar of Gozag.
  8402 | D:8      | 8402 ||| DROPPING +4 morningstar of freezing.
  8557 | D:8      | 8557 ||| Stepping ~*~*~tactically~*~*~ (hiding).
  8603 | D:8      | 8603 ||| PLANNING LAIR
  8603 | D:8      | 8603 ||| UPGRADING to +2 hat.
  8608 | D:8      | 8608 ||| READING 3 scrolls of identify.
  8608 | D:8      | 8608 ||| IDENTIFYING fuming red potion
  8609 | D:8      | 8609 ||| READING 2 scrolls of identify.
  8609 | D:8      | 8609 ||| IDENTIFYING fizzy brown potion
  8610 | D:8      | 8610 ||| DROPPING potion of brilliance.
  8645 | Lair:1   | Entered Level 1 of the Lair of Beasts
  8647 | Lair:1   | Noticed Sonja
  8648 | Lair:1   | 8648 ||| INVOKING Finesse.
  8675 | Lair:1   | 8675 ||| INVOKING Finesse.
  8686 | Lair:1   | 8686 ||| INVOKING Heroism.
  8690 | Lair:1   | Killed Sonja
  8876 | Lair:1   | 8876 ||| READING scroll of enchant weapon.
  8876 | Lair:1   | 8876 ||| ENCHANTING +2 war axe.
  8909 | Lair:1   | 8909 ||| INVOKING Heroism.
  9080 | Lair:1   | 9080 ||| INVOKING Heroism.
  9458 | Lair:2   | Noticed Maggie
  9471 | Lair:2   | Killed Maggie
  9573 | Lair:2   | Identified the ring of Xom's Entertainment {rElec rCorr
                  | Str+3}
  9697 | Lair:2   | 9697 ||| INVOKING Heroism.
  9745 | Lair:2   | 9745 ||| INVOKING Heroism.
  9750 | Lair:2   | Reached skill level 11 in Axes
  9779 | Lair:2   | 9779 ||| Stepping ~*~*~tactically~*~*~ (stealth).
  9780 | Lair:2   | 9780 ||| Stepping ~*~*~tactically~*~*~ (stealth).
  9783 | Lair:2   | 9783 ||| Stepping ~*~*~tactically~*~*~ (stealth).
  9785 | Lair:2   | 9785 ||| Stepping ~*~*~tactically~*~*~ (stealth).
  9790 | Lair:2   | Reached skill level 9 in Fighting
  9813 | Lair:2   | 9813 ||| Stepping ~*~*~tactically~*~*~ (stealth).
  9814 | Lair:2   | 9814 ||| Stepping ~*~*~tactically~*~*~ (stealth).
  9825 | Lair:2   | 9825 ||| Stepping ~*~*~tactically~*~*~ (stealth).
  9826 | Lair:2   | 9826 ||| Stepping ~*~*~tactically~*~*~ (stealth).
  9828 | Lair:2   | 9828 ||| INVOKING Heroism.
  9832 | Lair:2   | 9832 ||| Stepping ~*~*~tactically~*~*~ (stealth).
  9944 | Lair:2   | 9944 ||| INVOKING Heroism.
 10027 | Lair:2   | 10027 ||| INVOKING Heroism.
 10029 | Lair:2   | Found a staircase to the Swamp.
 10254 | Lair:2   | 10254 ||| INVOKING Heroism.
 10570 | Lair:2   | 10570 ||| DROPPING scarf of shadows.
 10583 | Lair:3   | 10583 ||| STAIRDANCE
 10623 | Lair:3   | Reached XP level 12. HP: 71/76 MP: 19/19
 10679 | Lair:3   | 10679 ||| FLEEEEING.
 10680 | Lair:3   | 10680 ||| FLEEEEING.
 10681 | Lair:3   | 10681 ||| FLEEEEING.
 10699 | Lair:3   | 10699 ||| INVOKING Heroism.
 10704 | Lair:3   | Reached skill level 12 in Axes
 10761 | Lair:3   | 10761 ||| Stepping ~*~*~tactically~*~*~ (stealth).
 10907 | Lair:3   | 10907 ||| Stepping ~*~*~tactically~*~*~ (stealth).
 10916 | Lair:3   | Reached skill level 3 in Dodging
 10918 | Lair:3   | 10918 ||| INVOKING Heroism.
 11082 | Lair:3   | 11082 ||| INVOKING Heroism.
 11088 | Lair:3   | Reached skill level 6 in Shields
 11124 | Lair:3   | 11124 ||| INVOKING Heroism.
 11616 | Lair:3   | 11616 ||| INVOKING Heroism.
 11658 | Lair:3   | 11658 ||| INVOKING Heroism.
 11799 | Lair:3   | 11799 ||| Stepping ~*~*~tactically~*~*~ (hiding).
 11804 | Lair:3   | Received a gift from Okawaru
 11820 | Lair:3   | Found a hole to the Spider Nest.
 11931 | Lair:3   | 11931 ||| INVOKING Heroism.
 11994 | Lair:3   | 11994 ||| DROPPING +0 pair of gloves of hurling.
 11995 | Lair:3   | 11995 ||| DROPPING +6 ring of intelligence.
 11996 | Lair:3   | 11996 ||| READING 4 scrolls of identify.
 11996 | Lair:3   | 11996 ||| IDENTIFYING sapphire potion
 11997 | Lair:3   | 11997 ||| DROPPING potion of flight.
 12018 | Lair:4   | Noticed a death yak
 12019 | Lair:4   | 12019 ||| INVOKING Heroism.
 12020 | Lair:4   | 12020 ||| INVOKING Finesse.
 12038 | Lair:4   | Killed a death yak
 12180 | Lair:4   | Reached skill level 13 in Axes
 12220 | Lair:4   | 12220 ||| INVOKING Heroism.
 12395 | Lair:4   | 12395 ||| READING scroll of enchant weapon.
 12395 | Lair:4   | 12395 ||| ENCHANTING +3 war axe.
 12481 | Lair:4   | 12481 ||| READING scroll of enchant weapon.
 12481 | Lair:4   | 12481 ||| ENCHANTING +4 war axe.
 12790 | Lair:4   | 12790 ||| INVOKING Heroism.
 12838 | Lair:4   | 12838 ||| INVOKING Heroism.
 12839 | Lair:4   | 12839 ||| Stepping ~*~*~tactically~*~*~ (stealth).
 12866 | Lair:4   | Reached XP level 13. HP: 72/82 MP: 20/20
 13729 | Lair:5   | Entered Level 5 of the Lair of Beasts
 13730 | Lair:5   | 13730 ||| INVOKING Heroism.
 13731 | Lair:5   | 13731 ||| INVOKING Finesse.
 13732 | Lair:5   | 13732 ||| Stepping ~*~*~tactically~*~*~ (stealth).
 13743 | Lair:5   | 13743 ||| Stepping ~*~*~tactically~*~*~ (stealth).
 13748 | Lair:5   | 13748 ||| Stepping ~*~*~tactically~*~*~ (stealth).
 13757 | Lair:5   | Reached skill level 14 in Axes
 13888 | Lair:5   | 13888 ||| INVOKING Heroism.
 13943 | Lair:5   | 13943 ||| INVOKING Heroism.
 14030 | Lair:5   | Found a staircase to the Slime Pits.
 14137 | Lair:5   | 14137 ||| Stepping ~*~*~tactically~*~*~ (hiding).
 14181 | Lair:5   | 14181 ||| INVOKING Heroism.
 14182 | Lair:5   | 14182 ||| INVOKING Finesse.
 14356 | Lair:5   | 14356 ||| INVOKING Heroism.
 14426 | Lair:5   | 14426 ||| INVOKING Heroism.
 14480 | Lair:5   | 14480 ||| INVOKING Heroism.
 14505 | Lair:5   | 14505 ||| INVOKING Heroism.
 14541 | Lair:5   | HP: 12/84 [red ugly thing (19)]
 14542 | Lair:5   | 14542 ||| READING 4 scrolls of teleportation.
 14543 | Lair:5   | 14543 ||| DRINKING 2 potions of heal wounds.
 14794 | Lair:5   | 14794 ||| Stepping ~*~*~tactically~*~*~ (stealth).
 14797 | Lair:5   | 14797 ||| Stepping ~*~*~tactically~*~*~ (stealth).
 14801 | Lair:5   | 14801 ||| INVOKING Heroism.
 14811 | Lair:5   | 14811 ||| Stepping ~*~*~tactically~*~*~ (stealth).
 14812 | Lair:5   | 14812 ||| Stepping ~*~*~tactically~*~*~ (stealth).
 14816 | Lair:5   | 14816 ||| Stepping ~*~*~tactically~*~*~ (stealth).
 14845 | Lair:5   | Reached skill level 15 in Axes
 14851 | Lair:5   | Received a gift from Okawaru
 14853 | Lair:5   | 14853 ||| SWAPPING to +7 broad axe of venom.
 14861 | Lair:5   | 14861 ||| INVOKING Heroism.
 14879 | Lair:5   | 14879 ||| DROPPING +5 war axe.
 14896 | Lair:5   | 14896 ||| Stepping ~*~*~tactically~*~*~ (stealth).
 14931 | Lair:5   | 14931 ||| Stepping ~*~*~tactically~*~*~ (hiding).
 14942 | Lair:5   | 14942 ||| Stepping ~*~*~tactically~*~*~ (hiding).
 14960 | Lair:5   | 14960 ||| Stepping ~*~*~tactically~*~*~ (stealth).
 14969 | Lair:5   | 14969 ||| Stepping ~*~*~tactically~*~*~ (stealth).
 14972 | Lair:5   | 14972 ||| INVOKING Heroism.
 14976 | Lair:5   | Reached skill level 9 in Armour
 15029 | Lair:5   | 15029 ||| FLEEEEING.
 15030 | Lair:5   | 15030 ||| FLEEEEING.
 15031 | Lair:5   | 15031 ||| FLEEEEING.
 15034 | Lair:5   | 15034 ||| FLEEEEING.
 15035 | Lair:5   | 15035 ||| FLEEEEING.
 15036 | Lair:5   | 15036 ||| FLEEEEING.
 15037 | Lair:5   | 15037 ||| FLEEEEING.
 15038 | Lair:5   | 15038 ||| FLEEEEING.
 15039 | Lair:5   | 15039 ||| FLEEEEING.
 15040 | Lair:5   | 15040 ||| FLEEEEING.
 15046 | Lair:5   | 15046 ||| FLEEEEING.
 15047 | Lair:5   | 15047 ||| FLEEEEING.
 15053 | Lair:5   | 15053 ||| STAIRDANCE
 15162 | Lair:5   | 15162 ||| STAIRDANCE
 15277 | Lair:5   | 15277 ||| READING scroll of enchant armour.
 15277 | Lair:5   | 15277 ||| ENCHANTING +1 pair of gloves.
 15412 | Lair:5   | 15412 ||| Stepping ~*~*~tactically~*~*~ (stealth).
 15417 | Lair:5   | 15417 ||| Stepping ~*~*~tactically~*~*~ (hiding).
 15425 | Lair:5   | 15425 ||| INVOKING Heroism.
 15427 | Lair:5   | Gained mutation: Your large and strong wings let you fly.
                  | [Gargoyle growth]
 15427 | Lair:5   | Reached XP level 14. HP: 75/91 MP: 18/21
 15509 | Lair:5   | Found a corrupted altar of Lugonu.
 15509 | Lair:5   | Found a one-way gate to the infinite horrors of the Abyss.
 15641 | Lair:5   | 15641 ||| PLANNING D:1-11
 15798 | D:9      | 15798 ||| Stepping ~*~*~tactically~*~*~ (hiding).
 15799 | D:9      | 15799 ||| Stepping ~*~*~tactically~*~*~ (hiding).
 15848 | D:9      | Found a bloodstained altar of Trog.
 15882 | D:9      | Found a staircase to the Orcish Mines.
 15891 | D:9      | 15891 ||| READING scroll of enchant armour.
 15891 | D:9      | 15891 ||| ENCHANTING +0 cloak.
 15949 | D:9      | Reached skill level 12 in Fighting
 15966 | D:9      | Found a burning altar of Makhleb.
 16232 | D:9      | Found a hide-covered altar of Uskayaw.
 16359 | D:9      | 16359 ||| Stepping ~*~*~tactically~*~*~ (hiding).
 16363 | D:9      | 16363 ||| INVOKING Heroism.
 16364 | D:9      | 16364 ||| INVOKING Finesse.
 16524 | D:9      | 16524 ||| UPGRADING to +2 helmet.
 16534 | D:9      | 16534 ||| DROPPING +2 hat.
 16545 | D:10     | Entered Level 10 of the Dungeon
 16547 | D:10     | Noticed Josephine
 16548 | D:10     | 16548 ||| Stepping ~*~*~tactically~*~*~ (stealth).
 16551 | D:10     | 16551 ||| INVOKING Heroism.
 16556 | D:10     | Killed Josephine
 16789 | D:10     | Found a flagged portal.
 16791 | D:10     | 16791 ||| Stepping ~*~*~tactically~*~*~ (stealth).
 16991 | D:10     | 16991 ||| Stepping ~*~*~tactically~*~*~ (hiding).
 17155 | D:10     | 17155 ||| Stepping ~*~*~tactically~*~*~ (stealth).
 17362 | D:10     | 17362 ||| DROPPING +2 hat.
 17430 | D:11     | 17430 ||| READING scroll of enchant weapon.
 17430 | D:11     | 17430 ||| ENCHANTING +7 broad axe of venom.
 17451 | D:11     | 17451 ||| Stepping ~*~*~tactically~*~*~ (stealth).
 17454 | D:11     | 17454 ||| Stepping ~*~*~tactically~*~*~ (stealth).
 17460 | D:11     | 17460 ||| Stepping ~*~*~tactically~*~*~ (stealth).
 17530 | D:11     | Reached ****** piety under Okawaru
 17778 | D:11     | 17778 ||| Stepping ~*~*~tactically~*~*~ (stealth).
 17779 | D:11     | 17779 ||| Stepping ~*~*~tactically~*~*~ (stealth).
 17813 | D:11     | 17813 ||| Stepping ~*~*~tactically~*~*~ (hiding).
 17816 | D:11     | 17816 ||| INVOKING Heroism.
 17819 | D:11     | 17819 ||| Stepping ~*~*~tactically~*~*~ (hiding).
 17830 | D:11     | Identified the +0 ring mail "Ethouj" {Dex+5} (Okawaru
                  | gifted it to you on level 11 of the Dungeon)
 17830 | D:11     | Received a gift from Okawaru
 17891 | D:11     | 17891 ||| Stepping ~*~*~tactically~*~*~ (stealth).
 17893 | D:11     | 17893 ||| INVOKING Heroism.
 18155 | D:11     | 18155 ||| PLANNING D
 18155 | D:11     | 18155 ||| UPGRADING to +0 kite shield.
 18165 | D:11     | 18165 ||| DROPPING +0 buckler of protection.
 18281 | D:12     | 18281 ||| Stepping ~*~*~tactically~*~*~ (hiding).
 18401 | D:12     | 18401 ||| Stepping ~*~*~tactically~*~*~ (hiding).
 18412 | D:12     | 18412 ||| FLEEEEING.
 18413 | D:12     | 18413 ||| FLEEEEING.
 18616 | D:12     | Noticed MackTheFife's ghost (journeyman OgFi)
 18619 | D:12     | Found a runed translucent door.
 18629 | D:12     | 18629 ||| INVOKING Heroism.
 18726 | D:12     | 18726 ||| INVOKING Heroism.
 18734 | D:12     | 18734 ||| Stepping ~*~*~tactically~*~*~ (hiding).
 18743 | D:12     | Reached skill level 9 in Shields
 19283 | D:12     | 19283 ||| UPGRADING to +0 pair of boots.
 19319 | D:13     | 19319 ||| INVOKING Heroism.
 19320 | D:13     | 19320 ||| INVOKING Finesse.
 19594 | D:13     | 19594 ||| INVOKING Heroism.
 19595 | D:13     | 19595 ||| INVOKING Finesse.
 19597 | D:13     | 19597 ||| SWAPPING to +0 demon whip of venom.
 19606 | D:13     | 19606 ||| SWAPPING to +8 broad axe of venom.
 19815 | D:13     | 19815 ||| INVOKING Heroism.
 19857 | D:13     | 19857 ||| READING scroll of enchant armour.
 19857 | D:13     | 19857 ||| ENCHANTING +0 pair of boots.
 19895 | D:13     | Noticed Jorgrun
 19896 | D:13     | 19896 ||| INVOKING Heroism.
 19897 | D:13     | 19897 ||| INVOKING Finesse.
 19909 | D:13     | Killed Jorgrun
 20015 | D:13     | 20015 ||| FLEEEEING.
 20016 | D:13     | 20016 ||| FLEEEEING.
 20017 | D:13     | 20017 ||| FLEEEEING.
 20018 | D:13     | 20018 ||| FLEEEEING.
 20019 | D:13     | 20019 ||| FLEEEEING.
 20020 | D:13     | 20020 ||| FLEEEEING.
 20021 | D:13     | 20021 ||| FLEEEEING.
 20022 | D:13     | 20022 ||| FLEEEEING.
 20023 | D:13     | 20023 ||| FLEEEEING.
 20024 | D:13     | 20024 ||| FLEEEEING.
 20025 | D:13     | 20025 ||| FLEEEEING.
 20026 | D:13     | 20026 ||| FLEEEEING.
 20027 | D:13     | 20027 ||| FLEEEEING.
 20028 | D:13     | 20028 ||| FLEEEEING.
 20272 | D:13     | 20272 ||| READING scroll labelled OXKICI DIOCH.
 20349 | D:13     | 20349 ||| READING 9 scrolls of identify.
 20349 | D:13     | 20349 ||| IDENTIFYING white potion
 20350 | D:13     | 20350 ||| DROPPING potion of berserk rage.
 20394 | D:14     | 20394 ||| INVOKING Heroism.
 20407 | D:14     | 20407 ||| INVOKING Finesse.
 20426 | D:14     | Received a gift from Okawaru
 20429 | D:14     | Reached skill level 12 in Shields
 20577 | D:14     | 20577 ||| INVOKING Heroism.
 20583 | D:14     | Reached XP level 15. HP: 66/96 MP: 19/22
 20786 | D:14     | 20786 ||| INVOKING Heroism.
 20810 | D:14     | Received a gift from Okawaru
 20913 | D:14     | 20913 ||| INVOKING Heroism.
 20914 | D:14     | 20914 ||| SWAPPING to +0 demon whip of venom.
 20915 | D:14     | 20915 ||| INVOKING Finesse.
 20918 | D:14     | 20918 ||| Stepping ~*~*~tactically~*~*~ (outnumbered).
 20919 | D:14     | 20919 ||| Stepping ~*~*~tactically~*~*~ (outnumbered).
 20920 | D:14     | 20920 ||| Stepping ~*~*~tactically~*~*~ (outnumbered).
 20921 | D:14     | 20921 ||| Stepping ~*~*~tactically~*~*~ (outnumbered).
 20922 | D:14     | 20922 ||| Stepping ~*~*~tactically~*~*~ (outnumbered).
 20923 | D:14     | 20923 ||| Stepping ~*~*~tactically~*~*~ (outnumbered).
 20932 | D:14     | 20932 ||| SWAPPING to +8 broad axe of venom.
 21118 | D:14     | 21118 ||| Stepping ~*~*~tactically~*~*~ (hiding).
 21124 | D:14     | Reached skill level 16 in Axes
 21124 | D:14     | 21124 ||| INVOKING Heroism.
 21132 | D:14     | 21132 ||| Stepping ~*~*~tactically~*~*~ (hiding).
 21137 | D:14     | Paralysed by an ogre mage for 2 turns
 21155 | D:14     | Received a gift from Okawaru
 21225 | D:14     | Found a gate to the Vaults.
 21261 | D:14     | 21261 ||| Stepping ~*~*~tactically~*~*~ (hiding).
 21355 | D:14     | 21355 ||| INVOKING Heroism.
 21359 | D:14     | 21359 ||| Stepping ~*~*~tactically~*~*~ (stealth).
 21370 | D:14     | 21370 ||| Stepping ~*~*~tactically~*~*~ (hiding).
 21589 | D:14     | 21589 ||| INVOKING Heroism.
 21752 | D:14     | 21752 ||| READING scroll of enchant weapon.
 21752 | D:14     | 21752 ||| ENCHANTING +8 broad axe of venom.
 21761 | D:14     | 21761 ||| INVOKING Heroism.
 21770 | D:14     | Identified the +4 ring mail of Shielding {rPois rC+ Dex+4
                  | Stlth-} (Okawaru gifted it to you on level 14 of the
                  | Dungeon)
 21770 | D:14     | Received a gift from Okawaru
 21779 | D:14     | 21779 ||| Stepping ~*~*~tactically~*~*~ (stealth).
 22063 | D:14     | Found a radiant altar of Vehumet.
 22064 | D:14     | 22064 ||| INVOKING Heroism.
 22065 | D:14     | 22065 ||| INVOKING Finesse.
 22192 | D:14     | 22192 ||| DROPPING +0 pair of boots of flying.
 22193 | D:14     | 22193 ||| READING scroll labelled COYCIMM CURCHO.
 22342 | D:15     | Entered Level 15 of the Dungeon
 22343 | D:15     | 22343 ||| STAIRDANCE
 22351 | D:15     | 22351 ||| STAIRDANCE
 22353 | D:14     | 22353 ||| INVOKING Heroism.
 22355 | D:14     | HP: 24/96 [white ugly thing (12)]
 22356 | D:14     | 22356 ||| READING 4 scrolls of teleportation.
 22357 | D:14     | 22357 ||| DRINKING potion of heal wounds.
 22537 | D:15     | 22537 ||| STAIRDANCE
 22539 | D:14     | 22539 ||| INVOKING Heroism.
 22568 | D:14     | 22568 ||| FLEEEEING.
 22569 | D:14     | 22569 ||| FLEEEEING.
 22572 | D:14     | 22572 ||| FLEEEEING.
 22573 | D:14     | 22573 ||| FLEEEEING.
 22574 | D:14     | 22574 ||| FLEEEEING.
 22578 | D:14     | HP: 23/96 [red ugly thing (23)]
 22579 | D:14     | 22579 ||| READING 3 scrolls of teleportation.
 22974 | D:15     | 22974 ||| INVOKING Heroism.
 22975 | D:15     | 22975 ||| SWAPPING to +0 demon whip of venom.
 22976 | D:15     | 22976 ||| INVOKING Finesse.
 22984 | D:15     | 22984 ||| SWAPPING to +9 broad axe of venom.
 23039 | D:15     | 23039 ||| Stepping ~*~*~tactically~*~*~ (hiding).
 23048 | D:15     | 23048 ||| Stepping ~*~*~tactically~*~*~ (stealth).
 23054 | D:15     | 23054 ||| Stepping ~*~*~tactically~*~*~ (stealth).
 23056 | D:15     | 23056 ||| Stepping ~*~*~tactically~*~*~ (hiding).
 23070 | D:15     | 23070 ||| INVOKING Heroism.
 23071 | D:15     | 23071 ||| SWAPPING to +0 demon whip of venom.
 23072 | D:15     | 23072 ||| INVOKING Finesse.
 23083 | D:15     | 23083 ||| SWAPPING to +9 broad axe of venom.
 23146 | D:15     | 23146 ||| INVOKING Heroism.
 23163 | D:15     | 23163 ||| Stepping ~*~*~tactically~*~*~ (hiding).
 23296 | D:15     | 23296 ||| INVOKING Heroism.
 23328 | D:15     | 23328 ||| Stepping ~*~*~tactically~*~*~ (stealth).
 23336 | D:15     | Reached skill level 17 in Axes
 23338 | D:15     | 23338 ||| INVOKING Heroism.
 23371 | D:15     | Found a staircase to the Depths.
 23511 | D:15     | 23511 ||| Stepping ~*~*~tactically~*~*~ (hiding).
 23645 | D:15     | 23645 ||| Stepping ~*~*~tactically~*~*~ (stealth).
 23648 | D:15     | 23648 ||| Stepping ~*~*~tactically~*~*~ (stealth).
 23657 | D:15     | 23657 ||| INVOKING Heroism.
 23733 | D:15     | 23733 ||| PLANNING ORC
 23893 | Orc:1    | Entered Level 1 of the Orcish Mines
 23897 | Orc:1    | 23897 ||| Stepping ~*~*~tactically~*~*~ (stealth).
 23910 | Orc:1    | 23910 ||| INVOKING Heroism.
 23916 | Orc:1    | 23916 ||| DRINKING 5 potions of curing.
 23916 | Orc:1    | 23916 ||| (to cure confusion)
 23982 | Orc:1    | 23982 ||| Stepping ~*~*~tactically~*~*~ (hiding).
 23983 | Orc:1    | 23983 ||| Stepping ~*~*~tactically~*~*~ (hiding).
 23984 | Orc:1    | 23984 ||| Stepping ~*~*~tactically~*~*~ (hiding).
 24209 | Orc:2    | Entered Level 2 of the Orcish Mines
 24219 | Orc:2    | Found a staircase to the Elven Halls.
 24221 | Orc:2    | 24221 ||| Stepping ~*~*~tactically~*~*~ (hiding).
 24224 | Orc:2    | 24224 ||| INVOKING Heroism.
 24283 | Orc:2    | Found a burning altar of Makhleb.
 24327 | Orc:2    | 24327 ||| Stepping ~*~*~tactically~*~*~ (hiding).
 24328 | Orc:2    | 24328 ||| Stepping ~*~*~tactically~*~*~ (hiding).
 24334 | Orc:2    | 24334 ||| INVOKING Heroism.
 24367 | Orc:2    | Noticed Nessos
 24368 | Orc:2    | 24368 ||| INVOKING Finesse.
 24381 | Orc:2    | 24381 ||| INVOKING Heroism.
 24387 | Orc:2    | Killed Nessos
 24655 | Orc:2    | 24655 ||| Stepping ~*~*~tactically~*~*~ (stealth).
 24661 | Orc:2    | 24661 ||| INVOKING Heroism.
 24669 | Orc:2    | Reached XP level 16. HP: 92/103 MP: 21/23
 24704 | Orc:2    | 24704 ||| Stepping ~*~*~tactically~*~*~ (stealth).
 24705 | Orc:2    | 24705 ||| Stepping ~*~*~tactically~*~*~ (stealth).
 24706 | Orc:2    | 24706 ||| Stepping ~*~*~tactically~*~*~ (stealth).
 24708 | Orc:2    | 24708 ||| Stepping ~*~*~tactically~*~*~ (stealth).
 24709 | Orc:2    | 24709 ||| Stepping ~*~*~tactically~*~*~ (stealth).
 24725 | Orc:2    | 24725 ||| Stepping ~*~*~tactically~*~*~ (hiding).
 24726 | Orc:2    | 24726 ||| Stepping ~*~*~tactically~*~*~ (hiding).
 24732 | Orc:2    | 24732 ||| INVOKING Heroism.
 24733 | Orc:2    | Received a gift from Okawaru
 24798 | Orc:2    | 24798 ||| Stepping ~*~*~tactically~*~*~ (stealth).
 24800 | Orc:2    | 24800 ||| Stepping ~*~*~tactically~*~*~ (hiding).
 24801 | Orc:2    | 24801 ||| INVOKING Heroism.
 24811 | Orc:2    | 24811 ||| Stepping ~*~*~tactically~*~*~ (hiding).
 24826 | Orc:2    | 24826 ||| INVOKING Heroism.
 24911 | Orc:2    | Found Gigruuxott's Assorted Antiques.
 24917 | Orc:2    | 24917 ||| BUYING pair of runed gloves (255 gold).
 24917 | Orc:2    | Bought a pair of runed gloves for 255 gold pieces
 24917 | Orc:2    | 24917 ||| BUYING potion of heal wounds (170 gold).
 24917 | Orc:2    | Bought a potion of heal wounds for 170 gold pieces
 24917 | Orc:2    | 24917 ||| BUYING scroll labelled SEOSCH BOICVOTAMN (34
                  | gold).
 24917 | Orc:2    | Bought a scroll labelled SEOSCH BOICVOTAMN for 34 gold
                  | pieces
 24917 | Orc:2    | 24917 ||| BUYING scroll of identify (68 gold).
 24917 | Orc:2    | Bought a scroll of identify for 68 gold pieces
 24931 | Orc:2    | 24931 ||| INVOKING Heroism.
 24946 | Orc:2    | Found Wosiami's General Store.
 24959 | Orc:2    | Received a gift from Okawaru
 25148 | Orc:2    | Found Kutum's Jewellery Shoppe.
 25154 | Orc:2    | 25154 ||| BUYING potion of haste (140 gold).
 25154 | Orc:2    | Bought a potion of haste for 140 gold pieces
 25154 | Orc:2    | 25154 ||| BUYING potion of haste (140 gold).
 25154 | Orc:2    | Bought a potion of haste for 140 gold pieces
 25158 | Orc:2    | 25158 ||| BUYING +4 ring of protection (540 gold).
 25158 | Orc:2    | Bought a +4 ring of protection for 540 gold pieces
 25158 | Orc:2    | 25158 ||| BUYING ring of protection from fire (375 gold).
 25158 | Orc:2    | Bought a ring of protection from fire for 375 gold pieces
 25193 | Orc:2    | Found Raicoe's General Store.
 25194 | Orc:2    | 25194 ||| INVOKING Heroism.
 25211 | Orc:2    | 25211 ||| SHOPLISTING +2 chain mail of fire resistance (365
                  | gold, have 239).
 25211 | Orc:2    | 25211 ||| BUYING potion of attraction (51 gold).
 25211 | Orc:2    | Bought a potion of attraction for 51 gold pieces
 25211 | Orc:2    | 25211 ||| BUYING scroll of identify (34 gold).
 25211 | Orc:2    | Bought a scroll of identify for 34 gold pieces
 25350 | Orc:2    | 25350 ||| Stepping ~*~*~tactically~*~*~ (stealth).
 25351 | Orc:2    | 25351 ||| Stepping ~*~*~tactically~*~*~ (stealth).
 25357 | Orc:2    | 25357 ||| Stepping ~*~*~tactically~*~*~ (stealth).
 25359 | Orc:2    | 25359 ||| Stepping ~*~*~tactically~*~*~ (stealth).
 25361 | Orc:2    | 25361 ||| Stepping ~*~*~tactically~*~*~ (hiding).
 25393 | Orc:2    | 25393 ||| DRINKING 4 potions of curing.
 25393 | Orc:2    | 25393 ||| (to cure confusion)
 25552 | Orc:2    | 25552 ||| DROPPING +2 pair of gloves.
 25553 | Orc:2    | 25553 ||| DROPPING ring of willpower.
 25554 | Orc:2    | 25554 ||| READING scroll labelled SEOSCH BOICVOTAMN.
 25555 | Orc:2    | 25555 ||| DROPPING +0 demon whip of venom.
 25602 | Orc:1    | 25602 ||| INVOKING Heroism.
 25626 | Orc:1    | Reached skill level 3 in Throwing
 25626 | Orc:1    | 25626 ||| Stepping ~*~*~tactically~*~*~ (hiding).
 25627 | Orc:1    | 25627 ||| Stepping ~*~*~tactically~*~*~ (hiding).
 25695 | Orc:1    | 25695 ||| INVOKING Heroism.
 25741 | Orc:1    | Found a shimmering blue altar of Sif Muna.
 25916 | Orc:1    | 25916 ||| PLANNING SPIDER:1-3
 26080 | Spider:1 | Entered Level 1 of the Spider Nest
 26091 | Spider:1 | 26091 ||| INVOKING Heroism.
 26141 | Spider:1 | 26141 ||| INVOKING Heroism.
 26302 | Spider:1 | 26302 ||| INVOKING Heroism.
 26303 | Spider:1 | 26303 ||| INVOKING Finesse.
 26315 | Spider:1 | Reached skill level 18 in Axes
 26333 | Spider:1 | Identified the +1 ring mail of Uteyp {Dex+4} (Okawaru
                  | gifted it to you on level 1 of the Spider Nest)
 26333 | Spider:1 | Received a gift from Okawaru
 26335 | Spider:1 | 26335 ||| INVOKING Heroism.
 26365 | Spider:1 | 26365 ||| INVOKING Finesse.
 26370 | Spider:1 | 26370 ||| DRINKING 6 potions of cancellation.
 26449 | Spider:1 | 26449 ||| INVOKING Finesse.
 26474 | Spider:1 | HP: 11/104 [disintegration (28)]
 26475 | Spider:1 | 26475 ||| READING 2 scrolls of teleportation.
 26476 | Spider:1 | 26476 ||| DRINKING potion of heal wounds.
 26477 | Spider:1 | 26477 ||| INVOKING Heroism.
 26877 | Spider:1 | 26877 ||| INVOKING Heroism.
 26973 | Spider:1 | 26973 ||| INVOKING Finesse.
 27481 | Spider:1 | 27481 ||| Stepping ~*~*~tactically~*~*~ (hiding).
 27629 | Spider:1 | Found a runed translucent gate.
 27630 | Spider:1 | Found a runed translucent gate.
 27630 | Spider:1 | Noticed qw's ghost (adept GrFi)
 27631 | Spider:1 | Found a runed translucent gate.
 27964 | Spider:2 | 27964 ||| INVOKING Heroism.
 27994 | Spider:2 | HP: 23/106 [disintegration (9)]
 27995 | Spider:2 | 27995 ||| READING scroll of teleportation.
 27996 | Spider:2 | 27996 ||| DRINKING 2 potions of heal wounds.
 28000 | Spider:2 | 28000 ||| Stepping ~*~*~tactically~*~*~ (hiding).
 28014 | Spider:2 | HP: 13/106 [broodmother (20)]
 28015 | Spider:2 | 28015 ||| DRINKING potion of heal wounds.
 28016 | Spider:2 | 28016 ||| DRINKING 4 potions of curing.
 28016 | Spider:2 | 28016 ||| (to cure confusion)
 28017 | Spider:2 | 28017 ||| INVOKING Heroism.
 28040 | Spider:2 | 28040 ||| FLEEEEING.
 28041 | Spider:2 | 28041 ||| FLEEEEING.
 28042 | Spider:2 | 28042 ||| FLEEEEING.
 28043 | Spider:2 | 28043 ||| FLEEEEING.
 28051 | Spider:2 | 28051 ||| STAIRDANCE
 28358 | Spider:2 | 28358 ||| FLEEEEING.
 28359 | Spider:2 | 28359 ||| FLEEEEING.
 28360 | Spider:2 | 28360 ||| FLEEEEING.
 28361 | Spider:2 | 28361 ||| FLEEEEING.
 28362 | Spider:2 | 28362 ||| STAIRDANCE
 28402 | Spider:2 | 28402 ||| STAIRDANCE
 28593 | Spider:2 | Found a runed translucent gate.
 28593 | Spider:2 | Found a runed translucent gate.
 28593 | Spider:2 | Found a runed translucent gate.
 28593 | Spider:2 | Noticed qw's ghost (adept GrFi)
 28775 | Spider:2 | Received a gift from Okawaru
 28825 | Spider:2 | 28825 ||| INVOKING Heroism.
 29555 | Spider:3 | 29555 ||| INVOKING Heroism.
 29566 | Spider:3 | Reached skill level 12 in Armour
 29697 | Spider:3 | Reached XP level 17. HP: 90/111 MP: 24/24
 29699 | Spider:3 | 29699 ||| Stepping ~*~*~tactically~*~*~ (stealth).
 29703 | Spider:3 | 29703 ||| Stepping ~*~*~tactically~*~*~ (stealth).
 29705 | Spider:3 | 29705 ||| DRINKING 3 potions of curing.
 29705 | Spider:3 | 29705 ||| (to cure confusion)
 29707 | Spider:3 | 29707 ||| INVOKING Heroism.
 30038 | Spider:3 | Identified the +6 chain mail of the Salamander {rPois Will-
                  | Dex+4 Stlth+}
 30050 | Spider:3 | 30050 ||| INVOKING Finesse.
 30125 | Spider:3 | 30125 ||| INVOKING Heroism.
 30151 | Spider:3 | 30151 ||| Stepping ~*~*~tactically~*~*~ (stealth).
 30161 | Spider:3 | 30161 ||| Stepping ~*~*~tactically~*~*~ (stealth).
 30491 | Spider:3 | 30491 ||| PLANNING SWAMP:1-3
 30491 | Spider:3 | 30491 ||| DROPPING +1 pair of gloves.
 30492 | Spider:3 | 30492 ||| DROPPING ring of fire.
 30573 | Swamp:1  | Entered Level 1 of the Swamp
 30577 | Swamp:1  | 30577 ||| Stepping ~*~*~tactically~*~*~ (stealth).
 30618 | Swamp:1  | 30618 ||| Stepping ~*~*~tactically~*~*~ (stealth).
 30619 | Swamp:1  | 30619 ||| Stepping ~*~*~tactically~*~*~ (stealth).
 30643 | Swamp:1  | 30643 ||| INVOKING Heroism.
 30663 | Swamp:1  | Noticed a tentacled monstrosity
 30664 | Swamp:1  | 30664 ||| INVOKING Finesse.
 30679 | Swamp:1  | Killed a tentacled monstrosity
 30740 | Swamp:1  | 30740 ||| READING scroll of enchant armour.
 30740 | Swamp:1  | 30740 ||| ENCHANTING +1 pair of boots.
 30755 | Swamp:1  | 30755 ||| Stepping ~*~*~tactically~*~*~ (stealth).
 30757 | Swamp:1  | 30757 ||| Stepping ~*~*~tactically~*~*~ (hiding).
 30775 | Swamp:1  | 30775 ||| Stepping ~*~*~tactically~*~*~ (stealth).
 30949 | Swamp:1  | 30949 ||| Stepping ~*~*~tactically~*~*~ (hiding).
 30950 | Swamp:1  | 30950 ||| Stepping ~*~*~tactically~*~*~ (hiding).
 31024 | Swamp:1  | You are sucked into a shaft and drop 1 floor!
 31034 | Swamp:2  | 31034 ||| Stepping ~*~*~tactically~*~*~ (hiding).
 31063 | Swamp:2  | Reached skill level 6 in Throwing
 31072 | Swamp:2  | 31072 ||| INVOKING Heroism.
 31073 | Swamp:2  | Received a gift from Okawaru
 31093 | Swamp:2  | Noticed Donald
 31094 | Swamp:2  | 31094 ||| Stepping ~*~*~tactically~*~*~ (stealth).
 31100 | Swamp:2  | 31100 ||| INVOKING Finesse.
 31101 | Swamp:2  | 31101 ||| Stepping ~*~*~tactically~*~*~ (stealth).
 31102 | Swamp:2  | 31102 ||| Stepping ~*~*~tactically~*~*~ (stealth).
 31112 | Swamp:2  | 31112 ||| INVOKING Heroism.
 31112 | Swamp:2  | HP: 26/112 [tyrant leech (18)]
 31113 | Swamp:2  | 31113 ||| READING scroll of teleportation.
 31114 | Swamp:2  | 31114 ||| DRINKING potion of heal wounds.
 31114 | Swamp:2  | HP: 11/112 [Donald/+3 vampiric scimitar (33)]
 31116 | Swamp:2  | Killed Donald
 31117 | Swamp:2  | Reached skill level 15 in Fighting
 31252 | Swamp:2  | 31252 ||| INVOKING Heroism.
 31253 | Swamp:2  | 31253 ||| INVOKING Finesse.
 31270 | Swamp:2  | HP: 2/113 [thorn hunter/volley of thorns (33)]
 31271 | Swamp:2  | Killed from afar by a thorn hunter

Levels and vault maps discovered:
D:1:      evilmike_arrival_home_sweet_home, layout_loops_ring
D:2:      layout_rooms, amcnicky_mini_pool_small
D:3:      layout_loops_ring, kennysheep_slug_shrine,
          hellmonk_ecumenical_altar_run_dry, serial_shops,
          nicolae_shop_behind_doors
D:4:      layout_rooms, mainiacjoe_overflow_six_doors_small,
          minmay_temple_entry_glass, chequers_ossuary_entry_cave,
          minmay_small_thing
D:5:      layout_loops_ring, hangedman_decor_slide_cut, kennysheep_diamond
D:6:      layout_rooms, tso_oasis_becter
D:7:      layout_basic, serial_shops, shop
D:8:      layout_cave_pools, xom_confusion_cloud,
          nicolae_gozag_cash_rules_everything_around_me, lair_entry_dummy,
          uniq_joseph, uniq_erica, uniq_amaemon, uniq_gastronok, uniq_maurice
D:9:      layout_loops_ring, trog_three_pillars_becter, lightli_temple_of_fire,
          nicolae_uskayaw_suspiria
D:10:     layout_basic, enter_bailey_3, uniq_josephine
D:11:     layout_long_grid, hangedman_decor_growths
D:12:     layout_basic, ebering_ghost_inner_flame, amcnicky_mini_pool_medium
D:13:     layout_long_grid, kennysheep_generic_room_6, uniq_jorgrun
D:14:     layout_gridville, hangedman_vaults_entry_quadrant_bands,
          minmay_misc_feat_cross, serial_bayou_ford_a, vehumet_statue
D:15:     grunt_enter_depths_magical_seal, layout_rooms, corexii_corridor_pit
Temple:   minmay_temple_curvy_branch
Lair:1:   layout_loops_ring, minivault_26, st_stairs_3, serial_bayou_shore_b,
          uniq_sonja
Lair:2:   layout_small_grid, minmay_swamp_entry_eels, grunt_megastairs_5,
          lemuel_fruit_fields, infiniplex_staircase_pool_2, uniq_maggie
Lair:3:   layout_cave_pods, spider_nest_entry_funnel_web
Lair:4:   layout_layer_cave, wad_woods_river_01, infiniplex_staircase_pool
Lair:5:   hellmonk_lair_end_abyssal_woods, layout_regular_city, slime_entry_1,
          nicolae_quartered_pool_medium, grunt_forest_stairs_basic
Swamp:1:  gammafunk_mikee_crab_dinner, layout_basic_swamp,
          evilmike_swamp_ruin_rubble_1
Swamp:2:  layout_basic_swamp, nicolae_swamp_very_dense_foliage, swamp_pool4,
          uniq_donald
Spider:1: layout_cave_pods, gammafunk_ghost_necromancy,
          nicolae_spider_moth_buddies
Spider:2: layout_chambers, ebering_ghost_rock_garden
Spider:3: layout_spider_delve, nicolae_spider_baby_got_redback,
          hangedman_spider_tarantella_strand
Orc:1:    layout_diamond_mine, led_sif_book
Orc:2:    hellmonk_orc_salted, layout_diamond_mine, bloody_makhleb, uniq_nessos

Skill      XL: |  1  2  3  4  5  6  7  8  9 10 11 12 13 14 15 16 17 |
---------------+----------------------------------------------------+-----
Axes           | 2 3 4 5 6 7 8 9 10 11 13 15 17 18 | 18.0
Fighting       | 4 6 7 8 9 10 11 12 14 15 | 15.0
Dodging        | 1 2 3 4 5 |  5.0
Invocations    | 2 4 8 10 | 10.0
Armour         | 4 7 8 9 11 12 | 12.0
Shields        | 4 5 6 7 12 13 14 | 14.0
Throwing       | 1 2 3 6 |  6.0

Action                   |  1- 3 |  4- 6 |  7- 9 | 10-12 | 13-15 | 16-18 || total
-------------------------+-------+-------+-------+-------+-------+-------++-------
Melee: War axe           |    94 |   156 |   205 |   477 |   190 |       ||  1122
       Broad axe         |       |       |       |       |   702 |   631 ||  1333
       Demon whip        |       |       |       |       |    32 |       ||    32
Throw: Boomerang         |     2 |    28 |       |   108 |   136 |    20 ||   294
       Javelin           |       |       |       |       |       |    17 ||    17
Invok: Heroism           |       |       |    10 |    28 |    44 |    23 ||   105
       Finesse           |       |       |       |     3 |    12 |     8 ||    23
  Use: Scroll            |     6 |     9 |       |    10 |    11 |     5 ||    41
       Potion            |       |     4 |     2 |     1 |     3 |     8 ||    18
Armor: Scale mail        |    46 |    17 |       |       |       |       ||    63
       Chain mail        |       |    48 |   111 |   307 |   436 |   265 ||  1167
Dodge: Dodged            |    28 |    52 |    87 |   225 |   277 |   170 ||   839
Block: Buckler           |    10 |    16 |    54 |   138 |    78 |       ||   296
       Kite shield       |       |       |       |       |   263 |   320 ||   583

Table legend:
 A = Non-vault XP
 B = Vault XP
 C = Vault XP percentage of total XP
 D = Non-vault monster count
 E = Vault monster count
 F = Vault count percentage of total count
                 A         B        C        D         E       F
            +---------+---------+-------+---------+---------+-------
      Total |  144253 |   63578 |  30.6 |     572 |     198 |  25.7
            +---------+---------+-------+---------+---------+-------
        D:1 |      42 |       0 |   0.0 |      24 |       0 |   0.0
        D:2 |      41 |       0 |   0.0 |      19 |       0 |   0.0
        D:3 |     134 |       4 |   2.9 |      24 |       1 |   4.0
        D:4 |      48 |      91 |  65.5 |      19 |       2 |   9.5
        D:5 |     659 |     321 |  32.8 |      18 |       3 |  14.3
        D:6 |     761 |       0 |   0.0 |      19 |       0 |   0.0
        D:7 |    2558 |       0 |   0.0 |      27 |       0 |   0.0
        D:8 |     601 |    6334 |  91.3 |      10 |      16 |  61.5
        D:9 |    2770 |       0 |   0.0 |      16 |       0 |   0.0
       D:10 |     861 |    1557 |  64.4 |      10 |       8 |  44.4
       D:11 |    5167 |       0 |   0.0 |      28 |       0 |   0.0
       D:12 |    7553 |    1503 |  16.6 |      18 |       4 |  18.2
       D:13 |    5289 |    1991 |  27.3 |      11 |       2 |  15.4
       D:14 |   21179 |    6497 |  23.5 |      37 |      18 |  32.7
       D:15 |    8574 |    3777 |  30.6 |      17 |       9 |  34.6
     Lair:1 |     446 |    1202 |  72.9 |       2 |       2 |  50.0
     Lair:2 |    4005 |     721 |  15.3 |      19 |       5 |  20.8
     Lair:3 |    7418 |     846 |  10.2 |      31 |       4 |  11.4
     Lair:4 |    4578 |    1154 |  20.1 |      14 |       4 |  22.2
     Lair:5 |   11404 |   11680 |  50.6 |      33 |      38 |  53.5
    Swamp:1 |   14054 |       0 |   0.0 |      23 |       0 |   0.0
    Swamp:2 |    5043 |    1371 |  21.4 |       7 |       1 |  12.5
   Spider:1 |   19604 |    4619 |  19.1 |      49 |      10 |  16.9
   Spider:2 |   10924 |       0 |   0.0 |      29 |       0 |   0.0
   Spider:3 |    4840 |    3502 |  42.0 |      12 |      19 |  61.3
      Orc:1 |    3305 |      72 |   2.1 |      41 |       2 |   4.7
      Orc:2 |    2395 |   16156 |  87.1 |      15 |      37 |  71.2
    Ossuary |       0 |     180 | 100.0 |       0 |      13 | 100.0
            +---------+---------+-------+---------+---------+-------
